 Dungeon Crawl Stone Soup version 0.19-a0-1268-g6c5d9f8 (webtiles) character file.

3335 dvd the Nimble (level 9, -13/78 HPs)
             Began as a Minotaur Hunter on Aug 29, 2016.
             Was an Elder of Trog.
             Mangled by Grum
             ... wielding a +0 halberd
              (19 damage)
             ... on level 8 of the Dungeon.
             The game lasted 00:25:50 (6226 turns).

dvd the Nimble (Minotaur Hunter)                    Turns: 6226, Time: 00:25:51

Health: -13/78     AC: 12    Str: 18    XL:     9   Next: 72%
Magic:  8/8        EV: 16    Int:  8    God:    Trog [****..]
Gold:   282        SH:  0    Dex: 16    Spells: 0 memorised, 8 levels left

rFire  . . .     SeeInvis .     b - +4 quarterstaff (chaos)
rCold  . . .     Gourm    .     P - +0 ring mail (curse)
rNeg   + . .     Faith    .     (shield currently unavailable)
rPois  .         Spirit   .     (helmet restricted)
rElec  .         Dismiss  .     k - +1 cloak
rCorr  .         Reflect  .     p - +2 pair of gloves {Dex+3}
MR     ++...     Harm     .     (no boots)
Stlth  +.........               (no amulet)
                                (no ring)
                                v - ring of positive energy

@: regenerating, hasted, very quick
A: retaliatory headbutt, horns 2
a: Berserk, Trog's Hand, Brothers in Arms, Burn Spellbooks, Renounce Religion


You were on level 8 of the Dungeon.
You worshipped Trog.
Trog was greatly pleased with you.
You were not hungry.

You visited 2 branches of the dungeon, and saw 9 of its levels.

You collected 282 gold pieces.

Inventory:

Hand Weapons
 a - a +2 shortbow
 b - a +4 quarterstaff of chaos (weapon)
 y - a +1 hand axe of chopping
 A - a +1 mace of protection
 D - a +2 dagger of speed
 H - a +2 short sword of draining
 I - a +0 mace of holy wrath
 K - a +2 flail of draining
Missiles
 d - 220 arrows
 j - 5 javelins
 q - 2 javelins of returning (quivered)
 x - 16 tomahawks
Armour
 k - a +1 cloak (worn)
 p - a +2 pair of gloves of dexterity (worn)
 t - a +0 chain mail
 E - a +0 scale mail
 O - a +0 fire dragon armour
 P - a cursed +0 ring mail (worn)
Jewellery
 v - a ring of positive energy (left hand)
Wands
 B - a wand of digging (15/24)
 F - a wand of lightning (8/15)
 G - a wand of paralysis (11/24)
 N - a wand of lightning (10/15)
 Q - a wand of slowing (11/48)
Scrolls
 c - a scroll of recharging
 g - 2 scrolls of remove curse
 h - 2 scrolls of blinking
 l - 8 scrolls of identify
 w - 2 scrolls of enchant weapon
 M - 4 scrolls of teleportation
Potions
 e - 2 potions of curing {unknown}
 i - 2 potions of lignification {unknown}
 o - 2 potions of brilliance
 u - a potion of degeneration {unknown}
 z - 2 potions of heal wounds {unknown}
 C - 2 potions of resistance {unknown}
 J - a potion of berserk rage {unknown}
 L - 3 potions of haste
Comestibles
 f - 6 bread rations
 m - 5 chunks of flesh
 n - 7 fruits
 r - 4 beef jerkies
 s - a meat ration


   Skills:
 + Level 6.5 Fighting
 + Level 4.0 Short Blades
   Level 0.2(1.9) Polearms
 + Level 3.1 Staves
 + Level 7.9 Bows
 + Level 1.6 Throwing
 + Level 7.6 Armour
 + Level 8.4 Dodging
 + Level 2.0 Stealth


You had 8 spell levels left.
You didn't know any spells.

Dungeon Overview and Level Annotations

Branches:
Dungeon (8/15)             Temple (1/1) D:4
   Lair: D:8-11

Altars:
Ashenzari
Cheibriados
Dithmenos
Elyvilon
Fedhas
Gozag
Hepliaklqana
Kikubaaqudgha
Makhleb
Nemelex Xobeh
Okawaru
Qazlal
Sif Muna
Trog
Uskayaw
Vehumet
Xom
Yredelemnul
Zin
Lugonu

Annotations:
D:8 Grum


Innate Abilities, Weirdness & Mutations

You reflexively headbutt those who attack you in melee.
You have a pair of horns on your head.


Message History

Reactivating autopickup.
Your Staves skill increases to level 3!
You feel a bit more experienced. Something hits you but does no damage.
Deactivating autopickup; reactivate with Ctrl-A.
The crimson imp blinks!
You completely miss something. Something barely misses you.
You hit something. You burn something. Something hits you!
* * * LOW HITPOINT WARNING * * *
You hit something but do no damage. Something hits you!
* * * LOW HITPOINT WARNING * * *
You sock something! Something hits you!
* * * LOW HITPOINT WARNING * * *
The crimson imp blinks!
Unknown command.
Your skin crawls.
You feel resistant to hostile enchantments.
You feel somewhat more hungry. Something hits you.
* * * LOW HITPOINT WARNING * * *
It was a potion of haste.
You feel yourself speed up. Something hits you!!
You die...

########
#......#####
#..........#
#..#.....#.#
#..........#
...#####†.#.⌠.⌠.#.#
..5.§Z.@..........#
.=...####.#.....#.#
... #...._....# ..
#.#.....#.# ...
#.........# ....
#.#.⌠.⌠.#.##. ...##
#............ .
.....###.#.....#.###
#. #...#.........#


You could see a crimson imp and a worker ant zombie.

Vanquished Creatures
  The ghost of Aquadorian the Skirmisher, an amateur OgMo (D:4)
  A hippogriff (D:8)
  A human (D:7)
  Edmund (D:5)
  Duvessa (D:5)
  2 water moccasins
  5 ogres
  A wasp (D:8)
  2 phantoms (D:5)
  3 centaurs
  2 wolves (D:8)
  Dowan (D:5)
  A scorpion (D:7)
  A howler monkey (D:7)
  2 crimson imps
  A jelly (D:7)
  5 hounds
  2 quasits (D:6)
  A giant frog skeleton (D:4)
  Crazy Yiuf (D:6)
  3 orc priests
  2 iguanas
  7 orc wizards
  10 worker ants
  A hound skeleton (D:5)
  A howler monkey skeleton (D:4)
  9 adders
  A shadow imp (D:6)
  2 oozes
  An adder skeleton (D:5)
  3 worms
  3 dart slugs
  7 giant geckos
  26 orcs
  3 ball pythons
  11 giant cockroaches
  5 goblins
  7 hobgoblins
  7 jackals
  6 quokkas
  3 bats
  2 giant gecko skeletons
  A giant gecko zombie (D:7)
  9 giant newts
  11 kobolds
  15 rats
191 creatures vanquished.

Notes
Turn   | Place    | Note
-------+----------+-------------------------------------------
     0 | D:1      | dvd the Minotaur Hunter began the quest for the Orb.
     0 | D:1      | Reached XP level 1. HP: 18/18 MP: 0/0
   226 | D:1      | Reached XP level 2. HP: 25/25 MP: 1/1
   356 | D:1      | Reached skill level 5 in Bows
   370 | D:1      | Reached skill level 1 in Stealth
   393 | D:1      | Reached XP level 3. HP: 30/30 MP: 2/2
  1062 | D:2      | Found a faded altar of an unknown god.
  1072 | D:2      | Became a worshipper of Trog the Wrathful
  1072 | D:2      | Reached * piety under Trog
  1320 | D:2      | Reached skill level 1 in Armour
  1320 | D:2      | Reached XP level 4. HP: 27/37 MP: 3/3
  1513 | D:2      | Noticed an angel
  1513 | D:2      | Found a glowing silver altar of Zin.
  1513 | D:2      | Found a shimmering altar of Xom.
  1948 | D:3      | Reached XP level 5. HP: 45/45 MP: 4/4
  1960 | D:3      | Reached ** piety under Trog
  2001 | D:3      | Reached skill level 3 in Dodging
  2070 | D:3      | Found a snail-covered altar of Cheibriados.
  2478 | D:3      | Found a bloodstained altar of Trog.
  2694 | D:4      | Found a shattered altar of Ashenzari.
  2735 | D:4      | Found a shadowy altar of Dithmenos.
  2845 | D:4      | Reached skill level 1 in Short Blades
  2870 | D:4      | Reached XP level 6. HP: 51/52 MP: 5/5
  2902 | D:4      | Reached skill level 4 in Dodging
  2949 | D:4      | Found a staircase to the Ecumenical Temple.
  2955 | D:4      | Found a stormy altar of Qazlal.
  2977 | D:4      | Found a deep blue altar of Sif Muna.
  3025 | D:4      | Noticed Aquadorian's ghost (amateur OgMo)
  3038 | D:4      | Killed Aquadorian's ghost
  3038 | D:4      | Reached *** piety under Trog
  3038 | D:4      | Reached XP level 7. HP: 60/60 MP: 6/6
  3329 | Temple   | Entered the Ecumenical Temple
  3478 | D:5      | Entered Level 5 of the Dungeon
  3499 | D:5      | Reached skill level 5 in Dodging
  3509 | D:5      | Noticed Dowan
  3510 | D:5      | Noticed Duvessa
  3550 | D:5      | Killed Duvessa
  3550 | D:5      | Reached skill level 5 in Fighting
  3566 | D:5      | Killed Dowan
  3649 | D:5      | Reached skill level 5 in Armour
  3650 | D:5      | Found a shimmering altar of Xom.
  3798 | D:5      | Reached XP level 8. HP: 37/69 MP: 7/7
  3895 | D:5      | Reached skill level 6 in Dodging
  4124 | D:5      | Noticed Edmund
  4131 | D:5      | Killed Edmund
  4604 | D:6      | Reached **** piety under Trog
  4631 | D:6      | Reached skill level 7 in Dodging
  4779 | D:6      | Found a runed door.
  4783 | D:6      | Noticed Crazy Yiuf
  4788 | D:6      | Killed Crazy Yiuf
  4846 | D:6      | Reached skill level 1 in Throwing
  5359 | D:6      | Reached XP level 9. HP: 74/75 MP: 8/8
  5597 | D:7      | Reached skill level 1 in Staves
  5638 | D:7      | Found a runed door.
  5640 | D:7      | Found a runed door.
  5670 | D:7      | Reached skill level 8 in Dodging
  5690 | D:7      | Received a gift from Trog
  5752 | D:7      | Found an opulent altar of Gozag.
  5813 | D:7      | Found a hide-covered altar of Uskayaw.
  6105 | D:8      | Found a blossoming altar of Fedhas.
  6105 | D:8      | Found an iron altar of Okawaru.
  6167 | D:8      | Found an ancient bone altar of Kikubaaqudgha.
  6180 | D:8      | Found a white marble altar of Elyvilon.
  6211 | D:8      | Noticed Grum
  6226 | D:8      | Mangled by Grum

Vault maps used:
D:1:      lemuel_arrival_behind_the_door_large, minmay_surrounded
D:2:      grunt_temple_overflow_order_and_chaos_1, ecumenical_altar_1
D:3:      lemuel_doored_altar, trog_butcher_becter
D:4:      overflow_temple_1_default, grunt_dithmenos_smoke,
          kennysheep_little_box, lemuel_crystal_altar
D:5:      basic_altar, first_bread, uniq_edmund, uniq_duvessa
D:6:      uniq_crazy_yiuf_cottage
D:7:      lemuel_insect_pit, kennysheep_mini_moat, lemuel_crystal_altar
D:8:      lemuel_crystal_altar, nicolae_tso_carved_into_rock,
          grunt_temple_overflow_open, elyvilon_altar_5, uniq_grum
Temple:   corrupted_temple

Skill      XL: |  1  2  3  4  5  6  7  8  9 |
---------------+----------------------------+-----
Bows           | 5 6 7 |  7.9
Stealth        | 1 2 |  2.0
Armour         | 1 2 3 5 6 7 |  7.6
Fighting       | 3 4 5 6 |  6.5
Dodging        | 3 4 5 7 8 |  8.4
Short Blades   | 1 2 3 4 |  4.0
Throwing       | 1 |  1.6
Staves         | 3 |  3.1
Polearms       | |  0.2

Action                   |  1- 3 |  4- 6 |  7- 9 || total
-------------------------+-------+-------+-------++-------
Melee: Spear             |    53 |       |       ||    53
       Headbutt          |     9 |    37 |    62 ||   108
       Short sword       |    43 |   242 |   202 ||   487
       Quarterstaff      |       |       |    99 ||    99
 Fire: Shortbow          |    44 |       |    80 ||   124
Throw: Javelin           |       |     1 |     7 ||     8
       Tomahawk          |       |       |     2 ||     2
Invok: Berserk           |       |     3 |     3 ||     6
       Burn Spellbooks   |       |       |     1 ||     1
       Trog's Hand       |       |       |     1 ||     1
  Use: Scroll            |     5 |     5 |     1 ||    11
       Potion            |       |       |     1 ||     1
 Stab: Sleeping          |       |     1 |       ||     1
       Petrifying        |       |       |     1 ||     1
  Eat: Chunk             |     1 |     8 |    15 ||    24
Armor: Leather armour    |    32 |    32 |       ||    64
       Chain mail        |       |    56 |       ||    56
       Scale mail        |       |     4 |   124 ||   128
       Fire dragon armou |       |       |    30 ||    30
       Ring mail         |       |       |    17 ||    17
Dodge: Dodged            |    52 |   137 |   271 ||   460
